Map: King's Cove LE

Players

Woah - Winner!

  • Race: Terran Terran
  • League: Platinum
  • Spawn Location: 5:00

johnn

  • Race: Zerg Zerg
  • League: Platinum
  • Spawn Location: 11:00

VOD

Have the link to the VOD?

Description

Time

  • Played on: June 10, 2019, 9:19 a.m.
  • Length: 12:49
Show
View Real Time Build Order
Export as new Build Order

Woah Terran - Winner!

Build Orders: Hellion Banshee 

Get SALT Encoding   

  12  0:02  SCV  
  13  0:15  SCV  
  13  0:20  Supply Depot  
  15  0:28  SCV  
  15  0:31  Refinery  
  15  0:42  SCV  
  16  0:47  Barracks  
  17  0:57  SCV  
  17  1:09  SCV  
  18  1:26  SCV  
  19  1:38  SCV  
  21  2:00  Orbital Command  
  20  2:03  Command Center  
  20  2:04  Barracks Reactor  
  20  2:06  Factory  
  20  2:20  Refinery  
  20  2:28  SCV  
  21  2:39  Supply Depot  
  21  2:42  SCV  
  22  2:57  Starport  
  22  2:59  Barracks Tech Lab  
  22  3:00  SCV, Hellion x2  
  27  3:14  Orbital Command  
  27  3:16  SCV  
  28  3:22  Hellion  
  30  3:31  SCV  
  31  3:43  SCV  
  31  3:44  SCV  
  33  3:56  SCV  
  30  4:08  SCV  
  30  4:09  Hellion x2  
  35  4:11  Banshee, Cloaking Field  
  38  4:19  Armory  
  38  4:24  SCV x2  
  40  4:32  Hellion x2  
  40  4:33  Supply Depot x2  
  40  4:34  Barracks Tech Lab  
  44  4:41  Barracks  
  44  4:42  SCV  
  44  4:43  SCV  
  46  4:54  SCV, Stimpack, Marine  
  46  4:55  SCV  
  43  6:08  SCV  
  38  6:15  Barracks, Supply Depot x2  
  37  6:21  Command Center  
  37  6:25  Marine  
  37  6:31  Barracks  
  37  6:32  Barracks  
  38  6:33  Barracks, Supply Depot  
  38  6:36  Medivac, Marine  
  38  6:37  SCV x2  
  47  6:41  Combat Shield  
  47  6:43  Marine  
  44  6:49  SCV x2  
  46  6:54  Marine  
  46  6:57  Factory Reactor  
  46  7:01  SCV x2  
  49  7:13  SCV, Marauder  
  52  7:28  Barracks Reactor  
  52  7:29  Barracks Reactor x2  
  52  7:34  Refinery x2  
  52  7:37  Supply Depot  
  52  7:38  Orbital Command  
  52  7:39  Armory  
  52  7:42  Widow Mine x2  
  52  7:43  SCV, Barracks Reactor  
  52  7:44  SCV  
  58  7:53  Marauder  
  58  7:54  Marauder  
  58  7:56  Factory  
  62  7:59  Medivac  
  62  8:00  Medivac  
  62  8:01  SCV  
  62  8:05  Supply Depot  
  67  8:08  Orbital Command  
  67  8:11  SCV  
  68  8:14  Marine x2  
  70  8:25  Supply Depot  
  70  8:26  Supply Depot  
  70  8:27  Supply Depot  
  70  8:28  SCV x2, Supply Depot  
  70  8:29  Bunker, Marine  
  70  8:30  Marine  
  70  8:31  Barracks  
  70  8:32  Barracks  
  74  8:40  SCV x2  
  76  8:43  Factory Tech Lab  
  76  8:48  SCV  
  77  8:51  Supply Depot  
  77  8:52  SCV x2  
  79  9:03  Command Center  
  79  9:07  Siege Tank  
  79  9:09  Marauder, Marine x2  
  86  9:10  Marine  
  86  9:11  Marine  
  88  9:21  Barracks Tech Lab, Barracks Reactor  
  88  9:27  SCV x3  
  91  9:34  Marauder, Marine x4  
  91  9:35  Marine x5  
  102  9:39  SCV, Siege Tank  
  102  9:45  Engineering Bay  
  106  9:48  Engineering Bay  
  106  9:52  Marine  
  107  9:58  SCV  
  108  10:00  Marauder x2, Marine x6  
  108  10:01  Marine  
  108  10:03  Marine  
  108  10:04  Marine  
  121  10:07  SCV  
  121  10:08  SCV  
  123  10:14  Refinery  
  123  10:15  Terran Infantry Armor Level 1, Refinery  
  123  10:18  Terran Infantry Weapons Level 1  
  122  10:28  Sensor Tower  
  122  10:29  Siege Tank  
  125  10:38  Marauder x2, Marine x10  
  139  10:46  Concussive Shells  
  139  10:52  Planetary Fortress  
  139  10:56  SCV  
  139  10:57  SCV x2  
  142  11:08  Marauder x2, SCV, Marine x7  
  142  11:09  SCV x2  
  156  11:16  Supply Depot  
  156  11:17  Supply Depot  
  156  11:20  SCV  
  156  11:21  SCV x2  
  159  11:27  Marauder, Marine x3  
  164  11:37  Marine x2  
  164  11:38  SCV x3, Marauder  
  164  11:39  Marauder  
  173  11:50  SCV x3  
  173  11:52  Viking  
  173  11:53  Viking  
  180  11:57  Fusion Core  
  180  11:58  Starport x2  
  134  12:16  Marauder, Marine  
  134  12:17  Marauder x2, Marine x5  
Show
View Real Time Build Order
Export as new Build Order

johnn Zerg 

Build Orders: Hatch First, Zergling Baneling 

Get SALT Encoding   

  12  0:01  Drone  
  13  0:13  Overlord  
  13  0:20  Drone  
  14  0:33  Drone x2  
  16  0:36  Drone  
  17  0:56  Hatchery  
  16  0:58  Drone  
  16  1:01  Extractor  
  16  1:05  Drone  
  16  1:10  Overlord  
  17  1:26  Spawning Pool  
  17  1:30  Drone  
  17  1:34  Drone  
  18  1:42  Drone  
  19  1:54  Drone  
  20  2:13  Metabolic Boost  
  20  2:14  Queen x2  
  24  2:19  Overlord  
  25  2:22  Drone  
  25  2:25  Drone  
  26  2:33  Baneling Nest  
  25  2:56  Drone x6  
  31  3:07  Spore Crawler  
  31  3:09  Spore Crawler  
  31  3:11  Zergling x4  
  31  3:18  Zergling x2  
  31  3:19  Zergling x2  
  33  3:26  Zergling x10  
  38  3:28  Zergling x2  
  39  3:54  Zergling x2  
  39  3:55  Zergling x8  
  40  4:05  Overlord x2  
  40  4:06  Overlord x2  
  40  4:08  Baneling x6  
  40  4:09  Baneling  
  40  4:27  Zergling x2  
  40  4:28  Zergling x8  
  40  4:30  Zergling x2  
  46  4:45  Baneling x2  
  46  4:46  Baneling  
  46  4:47  Baneling x5  
  46  4:48  Zergling x8  
  46  4:49  Zergling x4  
  35  5:22  Zergling x2  
  35  5:23  Zergling x10  
  35  5:46  Lair, Drone  
  35  5:47  Drone x3  
  39  5:52  Queen  
  39  5:55  Drone  
  39  5:56  Drone  
  43  6:00  Hatchery  
  43  6:03  Roach Warren  
  35  6:15  Extractor, Drone x3  
  35  6:18  Drone x5  
  38  6:20  Extractor  
  38  6:23  Extractor  
  40  6:30  Evolution Chamber  
  39  6:36  Drone x2  
  39  6:37  Drone  
  42  6:44  Drone x3  
  45  6:53  Drone  
  45  6:54  Drone x2  
  48  6:55  Roach x3  
  48  6:58  Overseer  
  48  6:59  Overseer  
  54  7:03  Pneumatized Carapace  
  54  7:04  Overlord  
  54  7:09  Zerg Missile Weapons Level 1  
  54  7:12  Glial Reconstitution  
  54  7:33  Overlord x3  
  54  7:35  Roach  
  54  7:36  Roach x4  
  64  7:44  Queen  
  64  7:45  Drone  
  64  7:46  Drone x2  
  64  7:47  Drone  
  70  7:57  Roach  
  70  7:58  Roach x3  
  78  8:08  Infestation Pit  
  77  8:16  Evolution Chamber  
  76  8:23  Drone x8  
  84  8:47  Infestor x3  
  90  9:04  Zerg Ground Armor Level 1  
  90  9:06  Roach x8  
  90  9:08  Overlord x5  
  106  9:23  Extractor  
  106  9:24  Drone  
  106  9:25  Hatchery, Extractor, Drone x2  
  106  9:28  Drone x2  
  106  9:29  Drone  
  109  9:45  Zerg Missile Weapons Level 2  
  109  9:50  Ravager  
  109  9:51  Ravager x5  
  115  10:11  Roach  
  115  10:12  Roach x11  
  139  10:20  Hydralisk Den  
  138  10:46  Drone x10  
  138  10:48  Overlord x2  
  148  10:50  Grooved Spines  
  148  10:51  Tunneling Claws  
  148  10:54  Hive  
  148  11:15  Hydralisk  
  148  11:16  Hydralisk x5  
  160  11:23  Queen  
  162  11:40  Overlord x3  
  92  12:08  Roach  
  92  12:09  Roach x13  
  92  12:10  Roach x5  
Tags
 
Add a new tag
Caveats
  • Supply blocks, unpowered buildings, or Contaminate may cause inaccurate times.
  • Supply counts are checked every 10 seconds.